 Dungeon Crawl Stone Soup version 0.29.0-11-gd7f09526c8 (webtiles) character file.

Game seed: 4169729673383865095

264 Snarg the Sneak (level 5, -5/24 HPs)
             Began as a Spriggan Conjurer on Sept 2, 2022.
             Slain by a worm (7 damage)
             ... on level 3 of the Dungeon.
             The game lasted 00:10:14 (4001 turns).

Snarg the Sneak (Spriggan Conjurer)                 Turns: 4001, Time: 00:10:15

Health: -5/24      AC:  2    Str:  3    XL:     5   Next: 98%
Magic:  3/10       EV: 17    Int: 21    God:
Gold:   177        SH:  0    Dex: 14    Spells: 4/10 levels left

rFire   . . .      SeeInvis +   a - +0 dagger
rCold   . . .      Faith    .   (no shield)
rNeg    . . .      Spirit   .   c - +0 robe
rPois   .          Reflect  .   (helmet restricted)
rElec   .          Harm     .   (no cloak)
rCorr   .          Rampage  .   (gloves unavailable)
Will    .....                   (boots unavailable)
Stlth   +++.......              (no amulet)
HPRegen 0.08/turn               (no ring)
MPRegen 0.12/turn               (no ring)

@: about to teleport, very quick
A: very small, no large weapons, unfitting armour, see invisible, speed 3
a: no special abilities


You were on level 3 of the Dungeon.
You visited 1 branch of the dungeon, and saw 4 of its levels.

You collected 177 gold pieces.

Inventory:

Hand Weapons
 a - a +0 dagger (weapon)
 b - a +0 short sword
Missiles
 f - 39 stones
 g - 7 poisoned darts
Armour
 c - a +0 robe (worn)
 q - a +0 buckler
Magical Staves
 p - a staff of cold
 r - a staff of air
Scrolls
 d - a scroll of amnesia {unknown}
 h - a scroll of magic mapping
 j - a scroll of fog
 l - a scroll of identify
Potions
 e - a potion of magic
 i - a potion of brilliance {unknown}
 k - a potion of haste {unknown}
 n - 2 potions of curing
 o - a potion of berserk rage {unknown}


   Skills:
 - Level 0.3 Fighting
 + Level 3.0 Short Blades
 + Level 0.4 Throwing
 + Level 3.4 Dodging
 - Level 4.4 Stealth
 - Level 3.0 Spellcasting
 + Level 3.8 Conjurations
 * Level 2.6 Hexes


You had 4 spell levels left.
You knew the following spells:

 Your Spells              Type           Power      Damage    Failure   Level
a - Magic Dart            Conj           76%        1d6       2%          1
b - Searing Ray           Conj           38%        2d5       4%          2
c - Dazzling Flash        Conj/Hex       32%        N/A       11%         3

Your spell library contained the following spells:

 Spells                   Type           Power      Damage    Failure   Level
 Summon Small Mammal      Summ           12%        N/A       13%         1
 Summon Guardian Golem    Hex/Summ       8%         N/A       22%         3
 Fulminant Prism          Conj/Hex       8%         3d7       34%         4
 Call Canine Familiar     Summ           3%         N/A       36%         3
 Iskenderun's Mystic Bla  Conj/Tloc      11%        2d4       52%         4


Dungeon Overview and Level Annotations

Branches:
Dungeon (4/15)
 Temple: D:4-7

Altars:

Annotations:
D:1 clr
D:2 clr
D:3 exclusion: downstairs


Innate Abilities, Weirdness & Mutations

You are very small and have problems with some larger weapons.
You are too small for most types of armour.
You have supernaturally acute eyesight. (SInv)
You cover ground extremely quickly. (Speed+++)


Message History

The magic dart hits the worm.
The worm is severely wounded.
The magic dart hits the worm.
The worm is almost dead.
The iguana closely misses you.
You climb upwards.
Level annotation: exclusion: downstairs
There is a stone staircase leading down here.
The worm bites you!
You hit the worm but do no damage.
The worm is severely wounded.
You hit the worm but do no damage.
The worm is severely wounded.
The iguana closely misses you. The worm completely misses you.
Casting: Magic Dart (safe; 2% risk of failure)
Confirm with . or Enter, or press ? or * to list all spells.
The spell is quite dangerous to miscast (11% risk of failure)!
Continue anyway?
Casting: Dazzling Flash (quite dangerous; 11% risk of failure)
Press: ? - help, Dir - look around, f - activate The iguana misses you.
The worm bites you!
* * * LOW HITPOINT WARNING * * *
Unknown command.
Unknown command.
Okay, then.
Unknown command.
Unknown command.
As you read the scroll of teleportation, it crumbles to dust.
You feel strangely unstable. The iguana completely misses you.
You hit the worm but do no damage.
The worm is severely wounded.
The iguana misses you. The worm bites you but does no damage.
You hit the worm.
The worm is severely wounded.
The iguana bites you.
* * * LOW HITPOINT WARNING * * *
You hit the worm.
The worm is severely wounded.
The iguana bites you but does no damage.
The worm bites you!
You die...

##.#.#####.##.#
#######..#.## #.##.#
.......#....####.##.#
#######...#.........#
##....####.####
#.#.## #.# #.#.# #.#
########.#.#####w#
#..........#...l@#
..######.###.#####
########.# #.#
.........# #.#
########## #.# # #s#
# #.# # #.#
############.#


You could see a worm and an iguana.

Vanquished Creatures
  An ogre (D:3)
  A scorpion (D:3)
  3 adders (D:2)
  A worm (D:2)
  6 dart slugs
  2 orcs (D:3)
  5 ball pythons
  2 bats (D:2)
  9 endoplasms
  6 giant cockroaches
  10 goblins
  7 hobgoblins
  7 kobolds
  2 quokkas (D:3)
  A frilled lizard (D:3)
  7 rats
70 creatures vanquished.

Notes
Turn   | Place    | Note
-------+----------+-------------------------------------------
     0 | D:1      | Snarg the Spriggan Conjurer began the quest for the Orb.
     0 | D:1      | Reached XP level 1. HP: 9/9 MP: 5/5
   403 | D:1      | Reached XP level 2. HP: 13/13 MP: 0/6
   406 | D:1      | Learned a level 2 spell: Searing Ray
  1125 | D:1      | Reached XP level 3. HP: 16/16 MP: 6/8
  1129 | D:1      | Learned a level 3 spell: Dazzling Flash
  1231 | D:2      | Reached skill level 1 in Short Blades
  1606 | D:2      | Reached XP level 4. HP: 21/21 MP: 9/9
  2291 | D:2      | Reached skill level 1 in Hexes
  3133 | D:3      | Reached skill level 4 in Stealth
  3442 | D:4      | Noticed a kobold brigand
  3695 | D:4      | Noticed a scorpion
  3695 | D:4      | Noticed an ogre
  3738 | D:3      | Killed a scorpion
  3739 | D:3      | Reached XP level 5. HP: 18/24 MP: 2/10
  3882 | D:3      | Killed an ogre
  4001 | D:3      | Slain by a worm

Illustrated notes

Levels and vault maps discovered:
D:1:      dpeg_arrival_round_b, layout_basic
D:2:      layout_loops_ring
D:3:      layout_loops_ring
D:4:      layout_cave_pools, kennysheep_mini_moat,
          minmay_temple_entry_enclosed_plants

Skill      XL: |  1  2  3  4  5 |
---------------+----------------+-----
Conjurations   | 3 |  3.8
Short Blades   | 1 2 3 |  3.0
Spellcasting   | 3 |  3.0
Hexes          | 2 |  2.6
Stealth        | 4 |  4.4
Dodging        | 3 |  3.4
Fighting       | |  0.3
Throwing       | |  0.4

Action                   |  1- 3 |  4- 6 || total
-------------------------+-------+-------++-------
Melee: Dagger            |    30 |    82 ||   112
       Short sword       |    17 |       ||    17
       Punch             |     1 |     1 ||     2
Throw: Dart              |       |     8 ||     8
 Cast: Magic Dart        |    38 |    23 ||    61
       Searing Ray       |     5 |    12 ||    17
       Dazzling Flash    |       |     1 ||     1
  Use: Scroll            |       |     6 ||     6
 Stab: Sleeping          |     6 |    10 ||    16
Armor: Robe              |     4 |    13 ||    17
Dodge: Dodged            |    42 |    76 ||   118
